 Dungeon Crawl Stone Soup version 0.27-a0-1065-ge809cff456 (webtiles) character file.

Game seed: 17088420252928495780

46 flotson the Covert (level 3, -3/35 HPs)
             Began as a Gnoll Delver on Apr 23, 2021.
             Slain by Robin
             ... wielding a +0 whip
              (6 damage)
             ... on level 1 of the Dungeon.
             The game lasted 00:02:28 (1333 turns).

flotson the Covert (Gnoll Delver)                   Turns: 1333, Time: 00:02:28

Health: -3/35      AC:  9    Str: 12    XL:     3   Next: 68%
Magic:  4/4        EV:  9    Int:  9    God:
Gold:   42         SH:  7    Dex: 13    Spells: 3/3 levels left

rFire    + . .     SeeInvis .   a - +0 hand axe
rCold    . . .     Faith    .   n - +0 kite shield
rNeg     . . .     Spirit   .   s - +0 ring mail
rPois    .         Reflect  .   (no helmet)
rElec    .         Harm     .   (no cloak)
rCorr    .         Rampage  .   (no gloves)
Will     .....                  (no boots)
Stlth    +++.......             (no amulet)
HPRegen  0.11/turn              h - +4 ring of protection
MPRegen  0.09/turn              l - ring of protection from fire

@: no status effects
A: fangs 1, strong nose, distributed training
a: no special abilities


You were on level 1 of the Dungeon.
You visited 1 branch of the dungeon, and saw 5 of its levels.

You collected 42 gold pieces.

Inventory:

Hand Weapons
 a - a +0 hand axe (weapon)
Missiles
 j - 37 poisoned darts (quivered)
 m - 20 bolts
 o - 6 javelins
Armour
 n - a +0 kite shield (worn)
 s - a +0 ring mail (worn)
Jewellery
 h - a +4 ring of protection (left hand)
 l - a ring of protection from fire (right hand)
Wands
 g - a wand of digging (3)
 t - a wand of polymorph (8)
Scrolls
 c - 2 scrolls of fog
 d - a scroll of magic mapping
 e - a scroll of fear
 p - a scroll of teleportation {unknown}
 q - a scroll of enchant weapon {unknown}
Potions
 b - a potion of degeneration {unknown}
 f - a potion of haste
 i - a potion of ambrosia {unknown}
 k - 2 potions of brilliance {unknown}
 r - a potion of attraction {unknown}


   Skills:
 + Level 6.5 Fighting
 + Level 0.9 Short Blades
 + Level 0.9 Long Blades
 + Level 4.5 Axes
 + Level 0.9 Maces & Flails
 + Level 0.9 Polearms
 + Level 0.9 Staves
 + Level 0.9 Slings
 + Level 0.9 Bows
 + Level 0.9 Crossbows
 + Level 0.9 Throwing
 + Level 0.9 Armour
 + Level 4.5 Dodging
 + Level 9.5 Stealth
 + Level 0.9 Shields
 + Level 0.9 Unarmed Combat
 + Level 0.9 Spellcasting
 + Level 0.6 Conjurations
 + Level 0.6 Hexes
 + Level 0.6 Summonings
 + Level 0.6 Necromancy
 + Level 0.6 Translocations
 + Level 0.6 Transmutations
 + Level 0.6 Fire Magic
 + Level 0.6 Ice Magic
 + Level 0.6 Air Magic
 + Level 0.6 Earth Magic
 + Level 0.6 Poison Magic
 + Level 1.0 Invocations
 + Level 0.9 Evocations


You had 3 spell levels left.
You didn't know any spells.
Your spell library was empty.

Dungeon Overview and Level Annotations

Branches:
Dungeon (5/15)
 Temple: D:4-7

Altars:

Annotations:
D:1 Robin


Innate Abilities, Weirdness & Mutations

You have very sharp teeth.
Your uncanny sense of smell can sniff out nearby items.
Your experience applies equally to all skills.


Message History

You hit Robin but do no damage.
Robin is lightly wounded.
Robin hits you but does no damage.
You barely miss Robin.
Robin is lightly wounded.
You block Robin's attack.
You hit Robin.
Robin is moderately wounded.
Robin hits you with a +0 whip. You block Robin's attack.
You hit Robin.
Robin is moderately wounded.
Robin closely misses you.
You hit Robin. You bite Robin, but do no damage.
Robin is heavily wounded.
You block Robin's attack.
You closely miss Robin.
Robin is heavily wounded.
Robin misses you. Robin hits you with a +0 whip.
You hit Robin.
Robin is severely wounded.
Robin hits you with a +0 whip.
You are too injured to fight recklessly!
You are too injured to fight recklessly!
You are too injured to fight recklessly!
You are too injured to fight recklessly!
You are too injured to fight recklessly!
You are too injured to fight recklessly!
You are too injured to fight recklessly!
You hit Robin but do no damage.
Robin is severely wounded.
Robin hits you with a +0 whip. x2
* * * LOW HITPOINT WARNING * * *
You hit Robin but do no damage.
Robin is severely wounded.
Robin hits you with a +0 whip.
* * * LOW HITPOINT WARNING * * *
You hit Robin.
Robin is almost dead.
Robin hits you with a +0 whip.
You die...

#......# #.......#
#......########.......#
#.....................#
######......########.......#
..†.........# #..........#
#####.......# #.###†.#####
............# #.#....#
#####.......# ##)#.#..# ##
#........####@...#.## .#
#.#......##..)g....#
.###.###.#.###.#......#
.....###.#..#.........#
..........#.#.........#
..........)...........#
.........#............#
...).....#............#
......................#


You could see Robin.

Vanquished Creatures
  5 ball pythons
  2 endoplasms
  2 giant cockroaches
  6 goblins
  4 hobgoblins
  4 jackals
  6 kobolds
  2 quokkas (D:1)
  5 bats
  3 frilled lizards (D:1)
  6 rats
45 creatures vanquished.

Notes
Turn   | Place    | Note
-------+----------+-------------------------------------------
     0 | D:5      | Reached skill level 9 in Stealth
     0 | D:5      | flotson the Gnoll Delver began the quest for the Orb.
     0 | D:5      | Reached XP level 1. HP: 23/23 MP: 1/1
     9 | D:5      | Noticed an iguana
    78 | D:5      | Noticed a black bear
   223 | D:1      | Reached XP level 2. HP: 29/29 MP: 2/2
   535 | D:1      | Reached XP level 3. HP: 35/35 MP: 3/3
  1012 | D:2      | Reached skill level 1 in Invocations
  1170 | D:2      | Noticed Robin
  1333 | D:1      | Slain by Robin

Illustrated notes

Levels and vault maps discovered:
D:1:      mrwooster_arrival_arrow, layout_rooms, minivault_25
D:2:      layout_loops_ring, shapermc_ecumenical_altar_starsandcircs,
          basic_altar, st_stairs_5, uniq_robin
D:3:      layout_basic
D:4:      layout_loops_ring, serial_shops, shop_statue,
          minmay_stone_trees_small, uniq_ijyb, uniq_duvessa
D:5:      layout_loops_ring, tso_altar

Skill      XL: |  1  2  3 |
---------------+----------+-----
Stealth        | |  9.5
Invocations    | 1 |  1.0
Fighting       | |  6.5
Short Blades   | |  0.9
Long Blades    | |  0.9
Axes           | |  4.5
Maces & Flails | |  0.9
Polearms       | |  0.9
Staves         | |  0.9
Slings         | |  0.9
Bows           | |  0.9
Crossbows      | |  0.9
Throwing       | |  0.9
Armour         | |  0.9
Dodging        | |  4.5
Shields        | |  0.9
Unarmed Combat | |  0.9
Spellcasting   | |  0.9
Conjurations   | |  0.6
Hexes          | |  0.6
Summonings     | |  0.6
Necromancy     | |  0.6
Translocations | |  0.6
Transmutations | |  0.6
Fire Magic     | |  0.6
Ice Magic      | |  0.6
Air Magic      | |  0.6
Earth Magic    | |  0.6
Poison Magic   | |  0.6
Evocations     | |  0.9

Action                   || total
-------------------------++-------
Melee: Hand axe          ||   159
       Bite              ||    16
 Stab: Sleeping          ||    14
Armor: Leather armour    ||    34
       Ring mail         ||    40
Dodge: Dodged            ||    86
Block: Kite shield       ||    72

Table legend: (Time is in decaauts)
 A = Elapsed time spent in this place.
 B = Non-inter-level travel time spent in this place.
 C = Inter-level travel time spent in this place.
 D = Time resting spent in this place.
 E = Time spent auto-exploring this place.
 F = Levels seen in this place.
 G = Mean time per level.
                   A        B        C        D        E       F      G
               +--------+--------+--------+--------+--------+-----+--------+
         Total |   1391 |   1329 |     62 |    108 |    715 |   5 |  278.2 |
       Dungeon |   1391 |   1329 |     62 |    108 |    715 |   5 |  278.2 |
               +--------+--------+--------+--------+--------+-----+--------+

Top non-repeatable levels by time:
     D:1: 832 daAuts
     D:2: 360 daAuts
     D:5: 103 daAuts
     D:4: 60 daAuts
     D:3: 34 daAuts
